 Dungeon Crawl Stone Soup version 0.27.1-33-g824d729ab1 (webtiles) character file.

Game seed: 17894250175647997760

17529 Descartes the Covert (level 12, -2/62 HPs)
             Began as a Spriggan Wanderer on Dec 10, 2021.
             Was an Initiate of Gozag.
             Shot with a bolt by an orc knight (24 damage)
             ... on level 2 of the Orcish Mines.
             The game lasted 01:13:45 (26667 turns).

Descartes the Covert (Spriggan Wanderer)           Turns: 26667, Time: 01:13:46

Health: -2/62      AC: 11    Str:  8    XL:     12   Next: 19%
Magic:  29/29      EV: 25    Int: 28    God:    Gozag
Gold:   2257       SH: 13    Dex: 18    Spells: 9/21 levels left

rFire    . . .     SeeInvis +   a - +2 short sword (flame)
rCold    + . .     Faith    .   c - +0 buckler
rNeg     . . .     Spirit   .   B - +2 robe {Will+}
rPois    .         Reflect  +   s - +2 hat of the Centipede {Will++ Regen+ Dex+3}
rElec    .         Harm     .   g - +0 cloak
rCorr    +         Rampage  +   (gloves unavailable)
Will     +++++                  (boots unavailable)
Stlth    +++++.....             y - amulet of Mistrust {Reflect Rampage rCorr Str-3 Int+7 SH+5}
HPRegen  1.20/turn              i - +4 ring of protection
MPRegen  0.21/turn              O - ring "Riog" {rC+ MP+9 Int+6}

@: studying Fighting, very quick
A: very small, no large weapons, unfitting armour, see invisible, speed 3
a: Renounce Religion, Potion Petition, Call Merchant, Bribe Branch


You were on level 2 of the Orcish Mines.
You worshipped Gozag.
Gozag was most pleased with you.
You visited 4 branches of the dungeon, and saw 14 of its levels.
You also visited: Bailey.

You collected 3206 gold pieces.
You paid 949 gold pieces to Gozag.

Inventory:

Hand Weapons
 a - a +2 short sword of flaming (weapon)
 b - a +0 hunting sling
 w - a +1 vorpal shortbow
 C - a +4 spear
Missiles
 d - 9 curare-tipped darts
 f - 206 stones
 h - 144 sling bullets
 l - 51 poisoned darts (quivered)
 o - 67 bolts
 p - 8 boomerangs
 v - 178 arrows
 I - 3 silver boomerangs
Armour
 c - a +0 buckler (worn)
 g - a +0 cloak (worn)
 s - the +2 hat of the Centipede (worn) {Will++ Regen+ Dex+3}
   (You acquired it on level 8 of the Dungeon)

   Dex:       It affects your dexterity (+3).
   Regen:     It increases your rate of health regeneration.
   Will:      It greatly increases your willpower.
 B - a +2 robe of willpower (worn)
 P - a +1 robe of cold resistance
Magical Staves
 J - a staff of earth
 V - a staff of air
Jewellery
 i - a +4 ring of protection (left hand)
 t - a ring of willpower
 y - the amulet of Mistrust (around neck) {Reflect Rampage rCorr Str-3 Int+7 SH+5}
   (You acquired it on level 8 of the Dungeon)

   [amulet of reflection]

   It reflects blocked missile attacks.
   Str:       It affects your strength (-3).
   Int:       It affects your intelligence (+7).
   rCorr:     It protects you from acid and corrosion.
   SH:        It affects your SH (+5).
   Rampage:   It bestows one free step when moving towards enemies.
 D - a ring of ice
 G - an amulet of guardian spirit
 O - the ring "Riog" (right hand) {rC+ MP+9 Int+6}
   (You acquired it on level 8 of the Dungeon)

   [ring of intelligence]

   Int:       It affects your intelligence (+6).
   rC:        It protects you from cold.
   MP:        It affects your magic capacity (+9).
 U - a ring of protection from cold
Wands
 q - a wand of charming (14)
 N - a wand of iceblast (3)
 Q - a wand of flame (20)
 S - a wand of mindburst (7)
 T - a wand of acid (8)
Scrolls
 j - 2 scrolls of magic mapping {unknown}
 k - a scroll of blinking
 m - a scroll of brand weapon {unknown}
 r - 3 scrolls of fear
 u - a scroll of fog {unknown}
 z - 5 scrolls of teleportation
 A - 4 scrolls of enchant armour
 F - 2 scrolls of enchant weapon
 K - a scroll of silence {unknown}
 M - 2 scrolls of vulnerability {unknown}
 W - a scroll of amnesia {unknown}
Potions
 e - 4 potions of curing
 n - 3 potions of mutation
 x - a potion of berserk rage
 E - a potion of brilliance
 H - a potion of lignification
 L - a potion of ambrosia
 R - a potion of haste {unknown}


   Skills:
 + Level 6.5 Fighting
 - Level 5.0 Short Blades
 - Level 4.8(5.9) Slings
 - Level 5.0 Bows
 - Level 4.1(5.0) Throwing
 + Level 10.8 Dodging
 + Level 11.1 Stealth
 - Level 7.2 Shields
 - Level 5.0 Spellcasting
 - Level 5.0 Conjurations
 - Level 5.0 Hexes
 - Level 1.0 Summonings
 - Level 5.0 Translocations
 - Level 5.0 Transmutations


You had 9 spell levels left.
You knew the following spells:

 Your Spells              Type           Power      Damage    Failure   Level
a - Beastly Appendage     Tmut           70%        N/A       1%          1
b - Wereblood             Tmut           35%        N/A       1%          2
c - Portal Projectile     Hex/Tloc       70%        N/A       2%          3
d - Fulminant Prism       Conj/Hex       17%        3d11      9%          4
e - Searing Ray           Conj           70%        3d5       1%          2

Your spell library contained the following spells:

 Spells                   Type           Power      Damage    Failure   Level
 Magic Dart               Conj           100%       1d8       1%          1
 Spider Form              Tmut/Pois      10%        N/A       7%          3
 Blade Hands              Tmut           17%        N/A       24%         5
 Summon Ice Beast         Ice/Summ       9%         N/A       47%         4
 Summon Mana Viper        Hex/Summ       23%        N/A       47%         5
 Excruciating Wounds      Necr           3%         N/A       88%         5
 Monstrous Menagerie      Summ           6%         N/A       100%        7


Dungeon Overview and Level Annotations

Branches:
Dungeon (10/15)            Temple (1/1) D:5            Lair (1/6) D:8
    Orc (2/2) D:10         Bailey (visited)
    Elf: Orc:2

Altars:
Ashenzari
Cheibriados
Dithmenos
Elyvilon
Fedhas
Gozag
Hepliaklqana
Kikubaaqudgha
Makhleb
Nemelex Xobeh
Okawaru
Qazlal
Ru
Sif Muna
Trog
Uskayaw
Vehumet
Wu Jian
Xom
Yredelemnul
Zin
The Shining One

Shops:
D:2 (


Innate Abilities, Weirdness & Mutations

You are very small and have problems with some larger weapons.
You are too small for most types of armour.
You have supernaturally acute eyesight. (SInv)
You cover ground extremely quickly. (Speed+++)


Message History

No target in view!
No target in view!
No target in view!
No target in view!
No target in view!
No target in view!
No target in view!
You climb downwards.
The orc knight shoots a bolt.
You reflect the bolt off an invisible shield around you!
The bolt barely misses the orc knight.
The orc knight shoots a bolt.
You reflect the bolt off an invisible shield around you!
The bolt closely misses the orc knight.
There is a stone staircase leading up here.
You see here a +0 falchion.
The orc knight shoots a bolt.
The bolt hits you!!
You see here a +0 club.
The orc knight unwields a +0 arbalest.
The orc knight wields a +0 war axe.
You block the orc knight's attack.
You closely miss the orc knight.
The orc knight is lightly wounded.
The orc knight hits you with a +0 war axe!
* * * LOW HITPOINT WARNING * * *
You are too injured to fight recklessly!
You are too injured to fight recklessly!
You are too injured to fight recklessly!
You are too injured to fight recklessly!
You are too injured to fight recklessly!
You are too injured to fight recklessly!
You are too injured to fight recklessly!
You are too injured to fight recklessly!
You are too injured to fight recklessly!
You are too injured to fight recklessly!
You are too injured to fight recklessly!
The orc knight unwields a +0 war axe.
The orc knight wields a +0 arbalest.
The orc knight shoots a bolt.
The bolt closely misses you.
The orc knight shoots a bolt.
The bolt completely misses you.
There is a stone staircase leading up here.
The orc knight shoots a bolt.
The bolt hits you!!
You die...
Your body crumbles into a pile of gold.

#..........##.........####
#............##...........##
.............#.#..........#.
............................
.......##...........#.......
......#####.[[.....####.....
.........#..........##......
....................#......
#.#........@).#.............
#........).###.............
####.......####...)......#)
##..)....##...h......#.3
#.o....#.###.#......###.
##........####.#..#.####
###......######.h...##
##.#....#.####.....#
##...#......# #....##


You could see an orc knight.

Vanquished Creatures
  Fannar (Lair:1)
  A hydra (Lair:1)
  Urug (D:10)
  2 orc knights
  2 orc sorcerers
  A black mamba (D:7)
  3 komodo dragons
  Psyche (D:9)
  The ghost of Cykl0x the Magician, a novice GrTm (D:4)
  A shadow (D:10)
  21 yaks
  A wyvern (D:8)
  A basilisk (D:8)
  7 wargs
  2 acid dragons (D:9)
  7 water moccasins
  Duvessa (D:4)
  2 ice beasts
  A sky beast (D:8)
  23 orc warriors
  5 wolves (Lair:1)
  12 centaurs
  3 ogres
  A phantom (D:7)
  2 kobold brigands (D:9)
  3 bullfrogs (Lair:1)
  Dowan (D:4)
  A wyvern zombie (D:7)
  3 scorpions
  4 killer bees
  3 wights (D:8)
  2 howler monkeys
  A bullfrog zombie (D:7)
  3 centaur zombies
  17 orc priests
  2 hounds
  A centaur skeleton (D:3)
  5 iguanas
  Ijyb (D:3)
  A scorpion zombie (D:5)
  8 orc wizards
  3 killer bee zombies (D:8)
  Robin (D:2)
  13 gnolls
  9 adders
  2 shadow imps
  2 ufetubi
  An adder skeleton (D:4)
  5 worms
  2 dart slugs
  62 orcs
  13 endoplasms
  2 giant cockroaches
  24 goblins
  5 hobgoblins
  7 quokkas
  3 ball pythons
  3 bats (D:1)
  2 frilled lizards
  15 kobolds
  2 quokka skeletons (D:4)
  8 rats
343 creatures vanquished.

Vanquished Creatures (collateral kills)
  A kobold brigand (D:4)
  3 kobolds (D:4)
4 creatures vanquished.

Vanquished Creatures (others)
  An orc wizard (Orc:1)
  8 fungi
  28 plants
37 creatures vanquished.

Grand Total: 384 creatures vanquished

Notes
Turn   | Place    | Note
-------+----------+-------------------------------------------
     0 | D:1      | Descartes the Spriggan Wanderer began the quest for the
                  | Orb.
     0 | D:1      | Descartes set off with the following items: a +0 spear, a
                  | potion of curing, a +0 buckler, a +0 robe
     0 | D:1      | Reached XP level 1. HP: 10/10 MP: 3/3
    58 | D:1      | Reached skill level 2 in Stealth
   501 | D:1      | Reached XP level 2. HP: 14/14 MP: 5/5
   821 | D:1      | Reached skill level 1 in Slings
   986 | D:2      | Reached XP level 3. HP: 18/18 MP: 6/6
  1029 | D:2      | Learned a level 1 spell: Beastly Appendage
  1032 | D:2      | Learned a level 2 spell: Wereblood
  1062 | D:2      | Reached skill level 3 in Stealth
  1748 | D:2      | Reached XP level 4. HP: 14/22 MP: 7/7
  1909 | D:2      | Found Latsocu's Weapon Boutique.
  2157 | D:2      | Noticed Robin
  2492 | D:2      | Killed Robin
  2986 | D:3      | Reached XP level 5. HP: 23/25 MP: 8/8
  3246 | D:3      | Reached skill level 1 in Short Blades
  3341 | D:3      | Reached skill level 4 in Stealth
  3762 | D:3      | Found a faded altar of an unknown god.
  3920 | D:3      | Noticed Ijyb
  3941 | D:3      | Killed Ijyb
  3942 | D:3      | Reached XP level 6. HP: 23/30 MP: 9/9
  4148 | D:4      | Identified the +3 spear of Forced Transition {freeze, Str+5
                  | Int+3}
  4242 | D:4      | Reached skill level 5 in Stealth
  4242 | D:4      | Reached skill level 5 in Transmutations
  4517 | D:4      | Reached XP level 7. HP: 33/33 MP: 10/10
  4895 | D:4      | Noticed Cykl0x's ghost (novice GrTm)
  4895 | D:4      | Found a runed translucent gate.
  4895 | D:4      | Found a runed translucent gate.
  4895 | D:4      | Found a runed translucent gate.
  5986 | D:4      | Killed Cykl0x's ghost
  6129 | D:4      | Reached skill level 6 in Stealth
  6204 | D:5      | Entered Level 5 of the Dungeon
  6240 | D:5      | Learned a level 3 spell: Portal Projectile
  6276 | D:5      | Found an opulent altar of Gozag.
  6281 | D:5      | Reached skill level 1 in Translocations
  6281 | D:5      | Reached XP level 8. HP: 37/37 MP: 11/11
  6283 | D:5      | Became a worshipper of Gozag Ym Sagoz the Greedy
  6338 | D:5      | Reached skill level 5 in Dodging
  6469 | D:5      | Reached skill level 1 in Hexes
  6479 | D:5      | Found a staircase to the Ecumenical Temple.
  6493 | Temple   | Entered the Ecumenical Temple
  6722 | D:5      | Noticed Duvessa
  6723 | D:5      | Noticed Dowan
  8803 | D:7      | Found a flagged portal.
  8860 | Bailey   | Entered a bailey
  8883 | Bailey   | Reached skill level 7 in Stealth
  8908 | Bailey   | Reached skill level 1 in Bows
  9405 | Bailey   | Reached XP level 9. HP: 33/41 MP: 12/12
  9934 | Bailey   | Reached skill level 5 in Shields
 13497 | Bailey   | Learned a level 4 spell: Fulminant Prism
 13867 | Bailey   | Reached skill level 8 in Stealth
 14379 | Bailey   | Reached skill level 5 in Short Blades
 14691 | Bailey   | Glimpsed the power of Zot.
 14833 | D:7      | Identified the +1 leather armour of Qotioss {rF+ rC+ Regen+
                  | Dex-5}
 15021 | D:7      | Reached skill level 1 in Conjurations
 16993 | D:4      | Killed Duvessa
 17238 | D:4      | Killed Dowan
 17374 | D:8      | Found a staircase to the Lair.
 17457 | D:8      | Found a stormy altar of Qazlal.
 17634 | D:8      | Reached XP level 10. HP: 46/46 MP: 13/13
 18533 | D:8      | Acquired the ring "Riog" {rC+ MP+9 Int+6}
 18538 | D:8      | Acquired the amulet of Mistrust {Reflect Rampage rCorr
                  | Str-3 Int+7 SH+5}
 18551 | D:8      | Acquired the +2 hat of the Centipede {Will++ Regen+ Dex+3}
 18954 | D:9      | Reached skill level 5 in Translocations
 19229 | D:9      | Reached skill level 9 in Stealth
 19251 | D:9      | Found an ornate altar of the Wu Jian Council.
 19439 | D:9      | Found a bloodstained altar of Trog.
 19492 | D:9      | Found a burning altar of Makhleb.
 19591 | D:9      | Noticed Psyche
 19592 | D:9      | Killed Psyche
 19722 | D:9      | Found a sparkling altar of Nemelex Xobeh.
 19784 | D:10     | Entered Level 10 of the Dungeon
 19811 | D:10     | Noticed Urug
 19904 | Lair:1   | Entered Level 1 of the Lair of Beasts
 20668 | D:8      | Reached skill level 5 in Hexes
 20717 | D:8      | Found a stormy altar of Qazlal.
 21565 | Lair:1   | Reached XP level 11. HP: 53/53 MP: 17/17
 21639 | Lair:1   | Noticed Fannar
 21655 | Lair:1   | Killed Fannar
 21656 | Lair:1   | Reached skill level 5 in Bows
 21707 | Lair:1   | Noticed a four-headed hydra
 21774 | Lair:1   | Killed a four-headed hydra
 21883 | Lair:1   | Reached skill level 10 in Stealth
 22034 | Lair:1   | Noticed a boulder beetle
 22624 | D:8      | Reached skill level 5 in Fighting
 22627 | D:8      | Learned a level 2 spell: Searing Ray
 22765 | D:8      | Reached skill level 5 in Spellcasting
 22832 | Lair:1   | Noticed a seven-headed hydra
 24077 | D:10     | Killed Urug
 24175 | D:10     | Found a staircase to the Orcish Mines.
 24318 | D:10     | Reached skill level 10 in Dodging
 24691 | Orc:1    | Entered Level 1 of the Orcish Mines
 24693 | Orc:1    | Noticed an orc knight
 24693 | Orc:1    | Noticed an orc sorcerer
 24716 | D:10     | Killed an orc sorcerer
 24717 | D:10     | Reached skill level 5 in Conjurations
 24816 | D:10     | Killed an orc knight
 24855 | Orc:1    | Noticed an orc sorcerer
 24858 | Orc:1    | Noticed an orc knight
 24862 | Orc:1    | Killed an orc sorcerer
 25007 | D:10     | Reached XP level 12. HP: 55/60 MP: 20/20
 25693 | Orc:2    | Entered Level 2 of the Orcish Mines
 25830 | Orc:2    | Noticed an orc high priest
 26152 | Orc:2    | Noticed an orc high priest
 26309 | Orc:2    | Reached skill level 11 in Stealth
 26351 | Orc:2    | Noticed an orc high priest
 26667 | Orc:2    | Shot with a bolt by an orc knight

Illustrated notes

Levels and vault maps discovered:
D:1:      shiori_shiawase, layout_rooms, nrook_uturn, st_stairs_8
D:2:      layout_basic, serial_shops, shop, uniq_robin
D:3:      layout_loops_ring, chequers_ecumenical_altar_simple, uniq_ijyb
D:4:      layout_loops_ring, gammafunk_ghost_nasty_kobolds
D:5:      layout_loops_ring, marbit_many_paths,
          minmay_temple_entry_glassed_door, uniq_duvessa
D:6:      layout_loops_cross, roderic_roman_lattice, corexii_hall_statues_i
D:7:      layout_loops_ring, enter_bailey_5
D:8:      layout_basic, mainiacjoe_overflow_concentric_impassable,
          dpeg_oklobed_lair, chequers_mini_garden
D:9:      layout_roguey, trog_antimagical, kennysheep_mini, bloody_makhleb,
          nemelex_spade_bored_becter, uniq_psyche
D:10:     layout_loops_corners, david_orc_1_choice, uniq_urug
Temple:   eino_temple_scatter_basement
Lair:1:   layout_chaotic_city, nzn_random_ring, serial_bayou_shore_b,
          serial_bayou_shore_a, uniq_fannar
Orc:1:    layout_diamond_mine
Orc:2:    st_orc_town, layout_diamond_mine, lightli_orcish_oven

Skill      XL: |  1  2  3  4  5  6  7  8  9 10 11 12 |
---------------+-------------------------------------+-----
Stealth        | 2 3 4 5 6 7 8 9 10 11 | 11.1
Dodging        | 2 3 4 6 7 8 10 | 10.8
Slings         | 1 2 3 4 |  4.8
Shields        | 2 3 4 5 6 7 |  7.2
Short Blades   | 1 2 3 4 5 |  5.0
Transmutations | 5 |  5.0
Translocations | 1 2 4 5 |  5.0
Hexes          | 2 3 5 |  5.0
Bows           | 1 3 4 5 |  5.0
Conjurations   | 1 2 5 |  5.0
Throwing       | 2 3 4 |  4.1
Fighting       | 3 5 6 |  6.5
Spellcasting   | 3 5 |  5.0
Summonings     | |  1.0

Action                   |  1- 3 |  4- 6 |  7- 9 | 10-12 || total
-------------------------+-------+-------+-------+-------++-------
Melee: Spear             |    22 |       |       |       ||    22
       Short sword       |    20 |   239 |   396 |  1902 ||  2557
       Kick              |       |       |    14 |     8 ||    22
       Headbutt          |       |       |     6 |     6 ||    12
 Fire: Hunting sling     |   115 |       |   781 |    19 ||   915
Throw: Boomerang         |       |       |    50 |       ||    50
       Dart              |       |       |    43 |    17 ||    60
 Cast: Beastly Appendage |       |       |     3 |     6 ||     9
Invok: Potion Petition   |       |       |       |     2 ||     2
Evoke: Wand              |       |       |    17 |     6 ||    23
  Use: Potion            |       |       |     3 |     3 ||     6
       Scroll            |       |       |       |    15 ||    15
 Stab: Sleeping          |       |    10 |    13 |    14 ||    37
       Distracted        |       |       |     1 |     5 ||     6
       Invisible         |       |       |       |     2 ||     2
Armor: Robe              |    20 |    42 |    62 |   148 ||   272
Dodge: Dodged            |    58 |   167 |   425 |  1023 ||  1673
Block: Buckler           |    20 |    69 |   168 |  1080 ||  1337
       Reflection        |       |       |       |     9 ||     9
